 Dungeon Crawl Stone Soup version 0.31-a0-4-gefa6de2278 (webtiles) character file.

Game seed: 14067688397410298648

91213 Sleet the Executioner (level 15, -16/141 HPs)
             Began as a Minotaur Berserker on May 2, 2023.
             Was an Elder of Trog.
             Demolished by a dire elephant (46 damage)
             ... on level 1 of the Vaults on May 3, 2023.
             The game lasted 00:29:07 (15074 turns).

Sleet the Executioner (Minotaur Berserker)         Turns: 15074, Time: 00:29:09

Health: -16/141    AC: 23    Str: 35    XL:     15   Next: 54%
Magic:  14/14      EV: 18    Int:  4    God:    Trog [****..]
Gold:   1061       SH:  0    Dex:  6    Spells: 14/14 levels left

rFire   . . .        B - +9 battleaxe "Gaggu" {flame, +Blink rElec rPois}
rCold   + + +        (shield currently unavailable)
rNeg    + + .        f - +0 ice dragon scales
rPois   +            (helmet restricted)
rElec   +            O - +1 cloak "Cexkor" {rN++ Will- Regen+ Dex-4}
rCorr   +            a - +1 pair of gloves
SInv    .            c - +1 pair of boots
Will    ++...        i - amulet of Wisdom {rElec Regen+} Stlth
                     N - +5 ring of evasion
HPRegen 3.03/turn    M - +6 ring of strength
MPRegen 0.14/turn

%: no passive effects
@: resistant, strong-willed, on berserk cooldown, on blink cooldown,
regenerating
A: horns 2, retaliatory headbutt
a: Renounce Religion, Evoke Blink, Berserk, Trog's Hand, Brothers in Arms


You were on level 1 of the Vaults.
You worshipped Trog.
Trog was greatly pleased with you.
You visited 2 branches of the dungeon, and saw 16 of its levels.
You also visited: Sewer.

You collected 1369 gold pieces.
You spent 308 gold pieces at shops.

Inventory:

Hand Weapons
 y - a +3 battleaxe of freezing
 B - the +9 battleaxe "Gaggu" (weapon) {flame, +Blink rElec rPois}
   (Trog gifted it to you on level 8 of the Dungeon)

   rElec:     It insulates you from electricity.
   rPois:     It protects you from poison.
   +Blink:    It lets you blink.
Armour
 a - a +1 pair of gloves (worn)
 c - a +1 pair of boots (worn)
 f - +0 ice dragon scales (worn)
 O - the +1 cloak "Cexkor" (worn) {rN++ Will- Regen+ Dex-4}
   (You bought it in a shop on level 15 of the Dungeon)

   Dex:       It affects your dexterity (-4).
   rN:        It greatly protects you from negative energy.
   Regen:     It increases your rate of health regeneration.
   Will:      It decreases your willpower.
 P - a +0 troll leather armour
Jewellery
 i - the amulet of Wisdom (around neck) {rElec Regen+}
   (You acquired it on level 7 of the Dungeon)

   [amulet of regeneration]

   rElec:     It insulates you from electricity.
   Regen:     It increases your rate of health regeneration.
 o - an amulet of the acrobat
 r - an amulet of faith
 s - a ring of willpower
 x - a ring of poison resistance
 A - a +4 ring of protection
 E - a ring of fire
 K - an amulet of reflection
 M - a +6 ring of strength (right hand)
 N - a +5 ring of evasion (left hand)
Wands
 z - a wand of flame (42)
 H - a wand of polymorph (12)
 J - a wand of mindburst (12)
 L - a wand of charming (24)
Scrolls
 h - 4 scrolls of identify
 p - 15 scrolls of teleportation
 u - a scroll of fog
 D - 5 scrolls of magic mapping
 G - a scroll of enchant weapon
 I - a scroll of brand weapon
Potions
 g - 5 potions of curing
 j - 2 potions of brilliance
 k - 2 potions of mutation
 n - 4 potions of flight
 q - a potion of haste
 t - 3 potions of degeneration
 v - 2 potions of magic
 w - a potion of berserk rage
 C - a potion of attraction
 F - 3 potions of lignification


   Skills:
 + Level 15.5 Fighting
 * Level 21.0 Axes
 + Level 15.3 Armour
 + Level 14.1 Dodging


You had 14 spell levels left.
You didn't know any spells.
Your spell library was empty.

Dungeon Overview and Level Annotations

Branches:
Dungeon (15/15)            Temple (0/1) D:4            Lair (0/5) D:8
    Orc (0/2) D:12         Vaults (1/5) D:13         Depths (0/4) D:15
  Sewer (visited)

Altars:
Ashenzari
Cheibriados
Dithmenos
Fedhas
Nemelex Xobeh
Okawaru
Ru
Uskayaw
Vehumet
Xom
Yredelemnul

Shops:
D:2 (:*   D:11 [   D:15 [

Annotations:
D:7 2 runed translucent doors


Innate Abilities, Weirdness & Mutations

You have a pair of horns on your head.
You reflexively headbutt those who attack you in melee.


Message History

As you read the scroll of blinking, it crumbles to dust.
Aiming: Polymorph
Press: ? - help, Q - select action, (/) - cycle Shift-Dir - straight line
Okay, then.
Aiming: Mindburst
Press: ? - help, Q - select action, (/) - cycle Shift-Dir - straight line
Okay, then.
Aiming: Throw Flame
Press: ? - help, Q - select action, (/) - cycle Shift-Dir - straight line, f - dire elephant
Aim: a dire elephant (moderately wounded, strong, 100% to hit)
The puff of flame hits the dire elephant but does no damage.
As you read the scroll of fog, it crumbles to dust.
The scroll dissolves into smoke.
The ironbound convoker casts a spell at the dire elephant.
The dire elephant seems to grow stronger.
As you read the scroll of fear, it crumbles to dust.
You assume a fearsome visage.
The dire elephant resists with almost no effort.
The dire elephant looks frightened!
The dire elephant resists with almost no effort.
The ironbound convoker looks frightened!
The dire elephant tramples you but does no damage.
The dire elephant closely misses you. The dire elephant tramples you!!!
* * * LOW HITPOINT WARNING * * *
You stumble backwards!
The dire elephant attacks as you move away!
The dire elephant closely misses you. You furiously retaliate!
You headbutt the dire elephant. The dire elephant trunk-slaps you!
* * * LOW HITPOINT WARNING * * *
You blink.
The dire elephant misses you. You furiously retaliate!
You headbutt the dire elephant!
The dire elephant trunk-slaps you but does no damage.
Unknown command.
Your skin crawls.
You feel strong-willed.
You feel yourself speed up.
The dire elephant completely misses you.
The dire elephant trunk-slaps you.
* * * LOW HITPOINT WARNING * * *
The dire elephant tramples you!!!
You die...

#......#
#....
#......#
#....
#......#
#....
#......#
#....
#......#
#....
#......#
#....
#......#
#....
#.YY...#
#....
#.@....#
#....
#......#
#....
#.Y..§.#
#####
#......#
#§§..§.#
#§§§§.§#
+§§§§§§#
#§.§§§§#
#.....Y#


You could see 3 dire elephants.

Vanquished Creatures
  Kirke (D:12)
  Agnes (D:14)
  A frost giant (Vaults:1)
  An orc warlord (Vaults:1)
  2 ironbound preservers (Vaults:1)
  A war gargoyle (Vaults:1)
  Nessos (D:15)
  2 ironbound thunderhulks (Vaults:1)
  A deep elf death mage (Vaults:1)
  9 dire elephants (Vaults:1)
  A fire dragon (D:15)
  2 crystal guardians (Vaults:1)
  A great orb of eyes (Vaults:1)
  2 peacekeepers (Vaults:1)
  A hydra (D:15)
  An ice dragon (D:15)
  4 vault guards (D:13)
  7 two-headed ogres
  3 ironbound frosthearts (Vaults:1)
  Erica (D:9)
  4 boulder beetles
  20 centaur warriors
  2 tengu warriors
  2 skeletal warriors (D:14)
  7 deep trolls (Vaults:1)
  A wizard (Vaults:1)
  21 slime creatures
  4 orc knights
  2 ironbound convokers (Vaults:1)
  3 harpies (Vaults:1)
  4 lindwurms (Vaults:1)
  6 cyclopes
  22 ugly things
  A deep elf pyromancer (D:14)
  3 manticores
  2 vault sentinels (Vaults:1)
  Joseph (D:9)
  4 gargoyles
  Maggie (D:9)
  Psyche (D:12)
  An efreet (D:13)
  3 unseen horrors
  A freezing wraith (D:15)
  A kobold demonologist (D:10)
  4 trolls
  3 meliai (D:12)
  Grinder (D:4)
  3 hornets
  A raiju (shapeshifter) (D:14)
  Sigmund (D:2)
  A vampire (D:12)
  A shadow (D:13)
  3 wyverns (D:8)
  3 wraiths
  A hog (D:12)
  3 yaks (D:8)
  2 basilisks (D:8)
  2 water elementals (D:15)
  A human (D:12)
  A steam dragon (D:6)
  6 vampire mosquitoes
  Grum (D:8)
  Edmund (D:4)
  4 acid dragons
  6 water moccasins
  9 orc warriors
  An ice beast (D:6)
  A sky beast (D:8)
  6 black bears
  4 wolves (D:8)
  An ogre (D:15)
  3 centaurs
  3 phantoms
  5 bullfrogs
  5 kobold brigands
  A gnoll sergeant (D:5)
  2 scorpions
  20 wights
  4 killer bees (D:6)
  An electric eel (D:15)
  4 howler monkeys
  5 hounds
  A jelly (D:5)
  3 orc priests
  5 sleepcaps
  An iguana (D:5)
  An iron imp (D:6)
  Jessica (D:2)
  4 orc wizards
  Robin (D:4)
  5 adders
  8 gnolls
  A shadow imp (D:7)
  A white imp (D:8)
  An ufetubus (D:4)
  A worm (D:3)
  2 dart slugs
  48 orcs
  9 ball pythons
  9 endoplasms
  4 giant cockroaches
  22 goblins
  14 hobgoblins
  7 quokkas
  2 bats
  2 frilled lizards
  18 kobolds
  3 rats
458 creatures vanquished.

Vanquished Creatures (collateral kills)
  A dire elephant (Vaults:1)
  A peacekeeper (Vaults:1)
  A boulder beetle (D:11)
  A skeletal warrior (D:14)
  A deep troll (Vaults:1)
5 creatures vanquished.

Vanquished Creatures (others)
  Azrael (D:15)
  A centaur warrior (D:15)
  An ogre mage (D:15)
  A two-headed ogre (D:15)
  A wizard (D:15)
  2 ugly things (D:15)
  4 fire elementals (D:15)
  An acid dragon (D:13)
  A hell hound (D:15)
  An ogre (D:15)
  2 centaurs (D:15)
  8 plants
24 creatures vanquished.

Grand Total: 487 creatures vanquished

Notes
Turn   | Place    | Note
-------+----------+-------------------------------------------
     0 | D:1      | Sleet the Minotaur Berserker began the quest for the Orb.
     0 | D:1      | Reached XP level 1. HP: 19/19 MP: 0/0
   162 | D:1      | Reached XP level 2. HP: 27/27 MP: 1/1
   177 | D:1      | Reached skill level 4 in Axes
   951 | D:2      | Found Xuuw's General Store.
  1008 | D:2      | Found Zenwofir's Book Emporium.
  1037 | D:2      | Reached XP level 3. HP: 25/33 MP: 2/2
  1138 | D:2      | Noticed Jessica
  1140 | D:2      | Reached ** piety under Trog
  1146 | D:2      | Killed Jessica
  1232 | D:2      | Reached XP level 4. HP: 28/40 MP: 3/3
  1506 | D:2      | Found Oman's Weapon Emporium.
  1686 | D:2      | Noticed Sigmund
  1694 | D:2      | Killed Sigmund
  1695 | D:2      | Reached skill level 5 in Axes
  1695 | D:2      | Reached XP level 5. HP: 35/47 MP: 4/4
  2130 | D:3      | Found a basalt altar of Yredelemnul.
  2903 | D:2      | Bought a +0 battleaxe for 78 gold pieces
  3068 | D:4      | Reached skill level 6 in Axes
  3068 | D:4      | Reached XP level 6. HP: 47/55 MP: 5/5
  3189 | D:4      | Reached skill level 5 in Fighting
  3203 | D:4      | Found a staircase to the Ecumenical Temple.
  3236 | D:4      | Found a glowing drain.
  3260 | Sewer    | Entered a sewer
  3510 | Sewer    | Reached XP level 7. HP: 39/61 MP: 6/6
  3510 | Sewer    | Reached *** piety under Trog
  3511 | Sewer    | Reached skill level 7 in Axes
  3516 | Sewer    | Identified the +8 sling "Pewkag" {antimagic, Fly rF+++
                  | Will+ Int-2}
  3669 | D:4      | Noticed Robin
  3671 | D:4      | Noticed Grinder
  3680 | D:4      | Killed Robin
  3690 | D:4      | Killed Grinder
  3691 | D:4      | Reached skill level 5 in Armour
  3816 | D:4      | Found a shadowy altar of Dithmenos.
  3827 | D:4      | Noticed Edmund
  3836 | D:4      | Killed Edmund
  3837 | D:4      | Reached skill level 8 in Axes
  3837 | D:4      | Reached skill level 5 in Dodging
  3837 | D:4      | Reached XP level 8. HP: 29/69 MP: 7/7
  4480 | D:5      | Entered Level 5 of the Dungeon
  4869 | D:5      | Reached skill level 9 in Axes
  5247 | D:6      | Found a broken altar of Ashenzari.
  5358 | D:6      | Reached **** piety under Trog
  5359 | D:6      | Reached XP level 9. HP: 42/79 MP: 8/8
  5381 | D:6      | Reached skill level 10 in Axes
  5694 | D:6      | Found a snail-covered altar of Cheibriados.
  5893 | D:7      | Found a hide-covered altar of Uskayaw.
  5894 | D:7      | Found a radiant altar of Vehumet.
  5896 | D:7      | Found an iron altar of Okawaru.
  6152 | D:7      | Found a shimmering altar of Xom.
  6183 | D:7      | Identified the +5 chain mail of Zaluar {Stlth+}
  6483 | D:7      | Noticed a two-headed ogre
  6491 | D:7      | Killed a two-headed ogre
  6492 | D:7      | Reached skill level 11 in Axes
  6733 | D:7      | Found a large runed translucent door.
  6733 | D:7      | Found a large runed translucent door.
  6734 | D:7      | Noticed a cyan ugly thing
  6736 | D:7      | Noticed a cyclops
  6801 | D:7      | Found a large runed translucent door.
  6801 | D:7      | Found a large runed translucent door.
  6910 | D:7      | Reached XP level 10. HP: 81/89 MP: 9/9
  6911 | D:7      | Reached ***** piety under Trog
  7058 | D:7      | Noticed a gargoyle
  7065 | D:7      | Killed a gargoyle
  7210 | D:7      | Identified a scroll of acquirement
  7210 | D:7      | Acquired the amulet of Wisdom {rElec Regen+}
  7339 | D:7      | Killed a cyan ugly thing
  7339 | D:7      | Killed a cyclops
  7340 | D:7      | Reached skill level 12 in Axes
  7571 | D:8      | Reached skill level 13 in Axes
  7593 | D:8      | Found a staircase to the Lair.
  7751 | D:8      | Reached XP level 11. HP: 98/99 MP: 10/10
  7774 | D:8      | Noticed Grum
  7782 | D:8      | Killed Grum
  7984 | D:8      | Reached skill level 10 in Fighting
  8048 | D:8      | Identified the +9 battleaxe "Gaggu" {flame, +Blink rElec
                  | rPois} (Trog gifted it to you on level 8 of the Dungeon)
  8048 | D:8      | Received a gift from Trog
  8303 | D:9      | Noticed Maggie
  8309 | D:9      | Killed Maggie
  8335 | D:9      | Noticed Erica
  8344 | D:9      | Killed Erica
  8597 | D:9      | Noticed Joseph
  8608 | D:9      | Killed Joseph
  8640 | D:9      | Reached skill level 10 in Armour
  8695 | D:9      | Found a sacrificial altar of Ru.
  8846 | D:9      | Reached skill level 14 in Axes
  9111 | D:9      | Upgraded the game from 0.31-a0-1-g4198be8af4 to
                  | 0.31-a0-4-gefa6de2278
  9151 | D:10     | Entered Level 10 of the Dungeon
  9265 | D:10     | Found a sparkling altar of Nemelex Xobeh.
  9475 | D:10     | Noticed a two-headed ogre
  9480 | D:10     | Killed a two-headed ogre
  9683 | D:11     | Noticed a boulder beetle
  9697 | D:11     | Killed a boulder beetle
  9907 | D:11     | Found Zefril's Armour Boutique.
  9934 | D:11     | Noticed a two-headed ogre
  9939 | D:11     | Killed a two-headed ogre
  9940 | D:11     | Reached skill level 15 in Axes
  9960 | D:11     | Noticed a boulder beetle
  9971 | D:11     | Killed a boulder beetle
  9972 | D:11     | Reached skill level 10 in Dodging
  9972 | D:11     | Reached XP level 12. HP: 108/110 MP: 11/11
 10054 | D:11     | Noticed a boulder beetle
 10065 | D:11     | Killed a boulder beetle
 10458 | D:12     | Found a staircase to the Orcish Mines.
 10479 | D:12     | Noticed Kirke
 10487 | D:12     | Killed Kirke
 10489 | D:12     | Noticed Psyche
 10507 | D:12     | Killed Psyche
 10658 | D:12     | Noticed a two-headed ogre
 10664 | D:12     | Killed a two-headed ogre
 10665 | D:12     | Reached skill level 16 in Axes
 11007 | D:13     | Noticed a centaur warrior
 11019 | D:13     | Killed a centaur warrior
 11062 | D:13     | Noticed a tengu warrior
 11071 | D:13     | Killed a tengu warrior
 11126 | D:13     | Found a blossoming altar of Fedhas.
 11236 | D:13     | Noticed a boulder beetle
 11244 | D:13     | Killed a boulder beetle
 11287 | D:13     | Found a gate to the Vaults.
 11287 | D:13     | Noticed a vault guard
 11287 | D:13     | Noticed a vault guard
 11287 | D:13     | Noticed a vault guard
 11287 | D:13     | Noticed a centaur warrior
 11287 | D:13     | Noticed a vault guard
 11287 | D:13     | Noticed a centaur warrior
 11293 | D:13     | Killed a vault guard
 11298 | D:13     | Killed a vault guard
 11301 | D:13     | Killed a vault guard
 11301 | D:13     | Received a gift from Trog
 11302 | D:13     | Killed a vault guard
 11303 | D:13     | Reached XP level 13. HP: 109/119 MP: 12/12
 11308 | D:13     | Reached skill level 17 in Axes
 11865 | D:14     | Noticed Agnes
 11873 | D:14     | Killed Agnes
 12140 | D:14     | You fall into a shaft and drop 1 floor!
 12140 | D:15     | Entered Level 15 of the Dungeon
 12220 | D:15     | Noticed Azrael
 12223 | D:15     | Noticed Nessos
 12240 | D:15     | Killed Azrael
 12244 | D:15     | Reached skill level 18 in Axes
 12247 | D:15     | Killed Nessos
 12524 | D:15     | Reached XP level 14. HP: 120/130 MP: 13/13
 12595 | D:15     | Found Hazukkaovy's Armour Emporium.
 12707 | D:15     | Found a staircase to the Depths.
 13165 | D:14     | Reached skill level 19 in Axes
 13624 | D:15     | Bought the +1 cloak "Cexkor" {rN++ Will- Regen+ Dex-4} for
                  | 230 gold pieces
 13833 | Vaults:1 | Entered Level 1 of the Vaults
 13876 | Vaults:1 | Noticed an ironbound thunderhulk
 13901 | Vaults:1 | Killed an ironbound thunderhulk
 13926 | Vaults:1 | Noticed a frost giant
 13927 | Vaults:1 | Noticed an ironbound preserver
 13931 | Vaults:1 | Killed a frost giant
 13943 | Vaults:1 | Killed an ironbound preserver
 14032 | Vaults:1 | Noticed an ironbound thunderhulk
 14049 | Vaults:1 | Killed an ironbound thunderhulk
 14092 | Vaults:1 | Reached skill level 20 in Axes
 14094 | Vaults:1 | Paralysed by a great orb of eyes for 5 turns
 14232 | Vaults:1 | Reached XP level 15. HP: 105/139 MP: 14/14
 14355 | Vaults:1 | Reached skill level 15 in Fighting
 14622 | Vaults:1 | Reached skill level 15 in Armour
 15047 | Vaults:1 | Reached skill level 21 in Axes
 15074 | Vaults:1 | Demolished by a dire elephant

Illustrated notes

Levels and vault maps discovered:
D:1:      ebering_trefoil_twist, layout_basic, minmay_pentomino_v2
D:2:      layout_basic, serial_shops, nicolae_shop_statue_plus, shop, shop,
          uniq_jessica, uniq_sigmund
D:3:      layout_loops_ring, mainiacjoe_overflow_cross_hatched
D:4:      layout_layer_cave, nicolae_overflow_crystal_walls,
          minmay_temple_entry_grid, portal_sewer_entry_f, uniq_robin,
          uniq_grinder, uniq_edmund
D:5:      layout_rooms
D:6:      layout_rooms, ashenzari_altar_1, slow_altar_1
D:7:      corexii_shantytown, layout_basic, xom_teletrap_fun,
          gammafunk_temple_overflow_forgotten, minmay_hollow_rounded_squares
D:8:      layout_gridville, minmay_lair_entry_grove, uniq_grum
D:9:      layout_gridville, nicolae_ru_path_of_blood, uniq_maggie, uniq_erica,
          uniq_joseph
D:10:     layout_roguey, nemelex_diamond_rough_becter,
          kennysheep_generic_room_16
D:11:     layout_roguey, serial_shops, shop
D:12:     layout_rooms, david_orc_2, uniq_psyche, uniq_kirke
D:13:     layout_irregular_city, lightli_vaults_fourway_checkpoint,
          fedhas_altar_1
D:14:     layout_roguey, minmay_misc_feat_diagonals, minmay_tree_intersection,
          uniq_agnes
D:15:     grunt_enter_depths_hoard, layout_rooms, serial_shops,
          nicolae_diamond_shop, serial_bayou_ford_a, uniq_nessos, uniq_azrael
Vaults:1: grunt_vaults_diagonal, grunt_vaults_swirl, v_misc_19,
          vaults_mumra_chevron_long, dpeg_vaults_monster_box, v_rooms_4,
          vaults_room_stairs_pillars, nicolae_vaults_cornered_office,
          nicolae_vaults_little_squares_3, nicolae_vaults_specimen_jars,
          v_misc_22, vaults_dpeg_emergency_exit, v_misc_30,
          layout_vaults_omnigrid

Skill      XL: |  1  2  3  4  5  6  7  8  9 10 11 12 13 14 15 |
---------------+----------------------------------------------+-----
Axes           | 4 5 6 8 9 11 13 15 16 18 20 21 | 21.0
Fighting       | 4 5 6 7 8 9 11 12 13 14 15 | 15.5
Armour         | 3 4 5 6 8 9 10 12 13 14 15 | 15.3
Dodging        | 3 4 5 6 7 8 10 11 12 13 14 | 14.1

Action                     |  1- 3 |  4- 6 |  7- 9 | 10-12 | 13-15 || total
---------------------------+-------+-------+-------+-------+-------++-------
  Melee: Hand axe          |    65 |    29 |       |       |       ||    94
         Headbutt          |    13 |     8 |    36 |    54 |   104 ||   215
         Battleaxe         |       |    65 |   219 |   308 |   379 ||   971
         Punch             |       |     1 |       |       |       ||     1
         Unarmed           |       |       |       |    14 |       ||    14
 Invoke: Berserk           |       |     1 |     4 |     3 |    10 ||    18
         Trog's Hand       |       |       |     1 |     2 |    11 ||    14
         Brothers in Arms  |       |       |       |     1 |     5 ||     6
Ability: Evoke Blink       |       |       |       |       |     2 ||     2
  Evoke: Wand              |       |       |       |       |     1 ||     1
    Use: Scroll            |       |       |    17 |    15 |     4 ||    36
         Potion            |       |       |     2 |     4 |    20 ||    26
   Stab: Sleeping          |     1 |       |       |       |       ||     1
         Confused          |       |       |       |     1 |       ||     1
         Invisible         |       |       |       |       |    12 ||    12
 Armour: Animal skin       |     9 |     2 |       |       |       ||    11
         Ring mail         |       |    23 |    13 |       |       ||    36
         Scale mail        |       |       |    72 |       |       ||    72
         Chain mail        |       |       |    36 |       |       ||    36
         Plate armour      |       |       |    22 |   217 |   173 ||   412
         Skin              |       |       |       |     3 |       ||     3
         Ice dragon scales |       |       |       |       |   181 ||   181
  Dodge: Dodged            |    28 |    72 |   149 |   173 |   356 ||   778

Table legend: (Time is in decaauts)
 A = Elapsed time spent in this place.
 B = Non-inter-level travel time spent in this place.
 C = Inter-level travel time spent in this place.
 D = Time resting spent in this place.
 E = Time spent auto-exploring this place.
 F = Levels seen in this place.
 G = Mean time per level.
                   A        B        C        D        E       F      G
               +--------+--------+--------+--------+--------+-----+--------+
         Total |  15213 |  13994 |   1219 |      0 |  11091 |  17 |  894.9 |
       Dungeon |  13540 |  12321 |   1219 |      0 |   9862 |  15 |  902.7 |
        Vaults |   1232 |   1232 |      0 |      0 |    905 |   1 | 1232.0 |
         Sewer |    441 |    441 |      0 |      0 |    323 |   1 |  441.0 |
               +--------+--------+--------+--------+--------+-----+--------+

Top non-repeatable levels by time:
     D:7: 1580 daAuts
     D:2: 1333 daAuts
Vaults:1: 1232 daAuts
     D:4: 1073 daAuts
    D:15: 1046 daAuts
    D:13: 1003 daAuts
    D:14: 972 daAuts
     D:1: 933 daAuts
     D:8: 898 daAuts
     D:9: 849 daAuts
     D:3: 793 daAuts
     D:5: 783 daAuts
    D:11: 693 daAuts
     D:6: 613 daAuts
    D:10: 522 daAuts
